 Dungeon Crawl Stone Soup version 0.29.0-4-gdea44cf6ec (webtiles) character file.

Game seed: 4972779914226391633

18 qw the Chopper (level 2, 0/17 HPs)
             Began as a Tengu Warper on Aug 28, 2022.
             Succumbed to their own poison gas
             ... on level 1 of the Dungeon.
             The game lasted 00:00:03 (964 turns).

qw the Chopper (Tengu Warper)                        Turns: 964, Time: 00:00:04

Health: 0/17       AC:  5    Str: 11    XL:     2   Next: 66%
Magic:  6/6        EV: 10    Int: 13    God:
Gold:   37         SH:  0    Dex: 13    Spells: 5/5 levels left

rFire   . . .      SeeInvis .   Y - +0 hand axe
rCold   . . .      Faith    .   (no shield)
rNeg    + . .      Spirit   .   j - +0 ring mail
rPois   .          Reflect  .   (helmet restricted)
rElec   .          Harm     .   (no cloak)
rCorr   .          Rampage  .   (no gloves)
Will    .....                   (boots unavailable)
Stlth   +.........              (no amulet)
HPRegen 0.05/turn               l - ring of positive energy
MPRegen 0.10/turn               (no ring)

@: lethally poisoned (0 -> -15), flying
A: beak, talons 3
a: no special abilities


You were on level 1 of the Dungeon.
You visited 1 branch of the dungeon, and saw 1 of its levels.

You collected 37 gold pieces.


Innate Abilities, Weirdness & Mutations

You have a beak for a mouth.
You have claws for feet.


   Skills:
 - Level 2.0 Fighting
 + Level 3.5 Axes
 - Level 1.0 Throwing
 - Level 1.1 Armour
 - Level 2.1 Dodging
 - Level 2.0 Spellcasting
 - Level 2.4 Translocations


You had 5 spell levels left.
You didn't know any spells.
Your spell library contained the following spells:

 Spells                   Type           Power      Damage    Failure   Level
 Blink                    Tloc           14%        N/A       34%         2
 Gell's Gravitas          Tloc           7%         N/A       56%         3
 Lesser Beckoning         Tloc           7%         N/A       56%         3
 Teleport Other           Tloc           7%         N/A       56%         3
 Manifold Assault         Tloc           7%         N/A       99%         5

Inventory:

Hand Weapons
 d - a +0 club
 Y - a +0 hand axe (weapon)
Missiles
 e - 2 boomerangs (quivered)
Armour
 j - a +0 ring mail (worn)
Jewellery
 l - a ring of positive energy (left hand)
Potions
 f - a potion of lignification {unknown}
 g - a potion of curing {unknown}

Dungeon Overview and Level Annotations

Branches:
Dungeon (1/15)

Altars:


Message History

946 ||| UPGRADING to +0 ring mail.
You start removing your armour.
You continue taking off your +0 leather armour. x4
You finish taking off your +0 leather armour.
You start putting on your armour.
You continue putting on your +0 ring mail. x5
You finish putting on your +0 ring mail.
956 ||| DROPPING +0 leather armour.
You drop a +0 leather armour.
Partly explored, can't reach some places.
957 ||| DROPPING ring of wizardry.
You drop a ring of wizardry.
Partly explored, can't reach some places.
958 ||| UPGRADING to ring of positive energy.
l - a ring of positive energy (left hand) Partly explored, can't reach some places.
959 ||| READING scroll labelled URRAWN DOPSE.
The air fills with toxic fumes!
As you read the scroll labelled URRAWN DOPSE, it crumbles to dust.
It was a scroll of poison.
Partly explored, can't reach some places.
960 ||| DRINKING 2 lumpy golden potions.
It was a potion of flight.
You feel very buoyant.
You fly up into the air.
Partly explored, can't reach some places.
961 ||| DROPPING scroll of blinking.
You drop a scroll of blinking.
Partly explored, can't reach some places.
962 ||| DROPPING potion of flight.
You drop a potion of flight.
Partly explored, can't reach some places.
(D) Dungeon
Where to? (* - list waypoints, ? - help)
What level of the Dungeon? (default 1, ? - help) Sorry, I don't know how to get there.
Partly explored, can't reach some places.
963 ||| Stepping randomly (stuck).
Really fly into that cloud of poison gas?
You are engulfed in poison gas.
You are lethally poisoned!
Ouch! That really hurt!
You feel very sick.
964 ||| Stepping ~*~*~tactically~*~*~ (cloud).
You die...

......# #....#.#####.#..# #.#####
########...>#.......#.%##
).#######...........#...#####....
........+..........''...'>..#.###
#..######.....(....##...#.......#
#........############...#.#.#.#.#
#.######....###¤..............#.#
#.# ####..##¤#########.#.#.#.#
#.##########.##¤@¤¤¤¤¤¤¤#.#.#.#.#
#........¤¤0¤¤¤¤¤¤¤¤¤¤¤¤#.#...#.#
####.....¤¤¤¤0###########.###.#.#
####.....0¤¤..#.............#.#.#
.........¤....#.#########.#.#.#.#
..............#.#.........#.#.#.#
..............#.#.#####.#.#.#.#.#
..............#.#.##....#.#.#.#.#
................#.##.####.#.#.#.#


There were no monsters in sight!

Vanquished Creatures
  A dart slug (D:1)
  2 endoplasms (D:1)
  3 goblins (D:1)
  2 hobgoblins (D:1)
  2 jackals (D:1)
  A quokka (D:1)
  A kobold (D:1)
  A rat (D:1)
13 creatures vanquished.

Notes
Turn   | Place    | Note
-------+----------+-------------------------------------------
     0 | D:1      | qw the Tengu Warper began the quest for the Orb.
     0 | D:1      | Reached XP level 1. HP: 12/12 MP: 4/4
     0 | D:1      | 0 ||| qw: Version: 0.1-a-89-g26bdef1
     0 | D:1      | 0 ||| qw: Game counter: 1847
     0 | D:1      | 0 ||| qw: Always use a shield: true
     0 | D:1      | 0 ||| qw: God list: Okawaru
     0 | D:1      | 0 ||| qw: Allow faded altars: false
     0 | D:1      | 0 ||| qw: Do Orc after D:15 true
     0 | D:1      | 0 ||| qw: Do second Lair branch before Depths: true
     0 | D:1      | 0 ||| qw: Lair rune preference: random
     0 | D:1      | 0 ||| qw: Plans: Normal
     0 | D:1      | 0 ||| PLANNING D:1-11
    18 | D:1      | 18 ||| Stepping ~*~*~tactically~*~*~ (stealth).
    20 | D:1      | 20 ||| Stepping ~*~*~tactically~*~*~ (stealth).
   202 | D:1      | Reached XP level 2. HP: 17/17 MP: 6/6
   207 | D:1      | Reached skill level 3 in Axes
   245 | D:1      | 245 ||| Stepping ~*~*~tactically~*~*~ (stealth).
   381 | D:1      | 381 ||| Stepping ~*~*~tactically~*~*~ (stealth).
   384 | D:1      | 384 ||| Stepping ~*~*~tactically~*~*~ (stealth).
   946 | D:1      | 946 ||| UPGRADING to +0 ring mail.
   956 | D:1      | 956 ||| DROPPING +0 leather armour.
   957 | D:1      | 957 ||| DROPPING ring of wizardry.
   958 | D:1      | 958 ||| UPGRADING to ring of positive energy.
   959 | D:1      | 959 ||| READING scroll labelled URRAWN DOPSE.
   960 | D:1      | 960 ||| DRINKING 2 lumpy golden potions.
   961 | D:1      | 961 ||| DROPPING scroll of blinking.
   962 | D:1      | 962 ||| DROPPING potion of flight.
   963 | D:1      | 963 ||| Stepping randomly (stuck).
   963 | D:1      | HP: 3/17 [poisoned by you (poison gas)]
   964 | D:1      | 964 ||| Stepping ~*~*~tactically~*~*~ (cloud).
   964 | D:1      | Succumbed to their own poison gas

Levels and vault maps discovered:
D:1:      dpeg_arrival_pond, layout_basic, shapermc_ecumenical_altar_petra,
          serial_park_tiny_2, feat_on_display

Skill      XL: |  1  2 |
---------------+-------+-----
Axes           | 3 |  3.5
Fighting       | |  2.0
Throwing       | |  1.0
Armour         | |  1.1
Dodging        | |  2.1
Spellcasting   | |  2.0
Translocations | |  2.4

Action                   || total
-------------------------++-------
Melee: Hand axe          ||    16
       Kick              ||     4
       Peck              ||     3
Throw: Boomerang         ||    22
  Use: Scroll            ||     1
       Potion            ||     1
Dodge: Dodged            ||    13

Table legend:
 A = Non-vault XP
 B = Vault XP
 C = Vault XP percentage of total XP
 D = Non-vault monster count
 E = Vault monster count
 F = Vault count percentage of total count
                 A         B        C        D         E       F
            +---------+---------+-------+---------+---------+-------
      Total |      26 |       0 |   0.0 |      13 |       0 |   0.0
            +---------+---------+-------+---------+---------+-------
        D:1 |      26 |       0 |   0.0 |      13 |       0 |   0.0
            +---------+---------+-------+---------+---------+-------
